 Dungeon Crawl Stone Soup version 0.31-a0-133-gaae73658be (webtiles) character file.

Game seed: 18442646685051696258

1084 Pimp the Chopper (level 8, -1/71 HPs)
             Began as a Hill Orc Monk on June 2, 2023.
             Splashed by a jelly's acid (8 damage)
             ... on level 6 of the Dungeon.
             The game lasted 00:07:36 (5034 turns).

Pimp the Chopper (Hill Orc Monk)                    Turns: 5034, Time: 00:07:36

Health: -1/71      AC:  2    Str: 16    XL:     8   Next: 30%
Magic:  8/8        EV:  8    Int: 16    God:
Gold:   357        SH:  0    Dex: 13    Spells: 7/7 levels left

rFire   . . .        a - +2 hand axe
rCold   . . .        (no shield)
rNeg    . . .        j - +1 chain mail
rPois   .            (no helmet)
rElec   .            (no cloak)
rCorr   .            h - +2 pair of gloves
SInv    .            (no boots)
Will    .....        (no amulet) Stlth
                     p - +6 ring of intelligence
HPRegen 0.31/turn    (no ring)
MPRegen 0.11/turn

%: no passive effects
@: corroded
A: no striking features
a: no special abilities


You were on level 6 of the Dungeon.
You visited 1 branch of the dungeon, and saw 6 of its levels.

You collected 357 gold pieces.

Inventory:

Hand Weapons
 a - a +2 hand axe (weapon)
 o - a +2 shortbow of draining
Armour
 b - a +0 robe
 d - an orb of light
 h - a +2 pair of gloves (worn)
 j - a +1 chain mail (worn)
 l - the +0 leather armour of Complete Protection {rElec rF+++ Str-4 Dex+6}
   (You took it off a kobold on level 4 of the Dungeon)

   Str:       It affects your strength (-4).
   Dex:       It affects your dexterity (+6).
   rF:        It renders you almost immune to fire.
   rElec:     It insulates you from electricity.
Magical Staves
 e - a staff of cold
 m - a staff of air
Jewellery
 p - a +6 ring of intelligence (left hand)
Wands
 r - a wand of polymorph (10)
Scrolls
 f - a scroll of identify
 k - a scroll of blinking
Potions
 i - a potion of curing {unknown}


   Skills:
 + Level 6.7 Fighting
 + Level 7.4 Axes
 * Level 6.9 Armour
 - Level 2.7 Dodging


You had 7 spell levels left.
You didn't know any spells.
Your spell library contained the following spells:

 Spells                   Type           Power      Damage    Failure   Level
 Hailstorm                Conj/Ice       0%         3d3       100%        3
 Ice Form                 Ice/Tmut       0%         N/A       100%        4
 Simulacrum               Ice/Necr       0%         N/A       100%        6


Dungeon Overview and Level Annotations

Branches:
Dungeon (6/15)             Temple (0/1) D:5

Altars:
Dithmenos
Gozag
Kikubaaqudgha


Message History

The phantom is heavily damaged.
You barely miss the jelly. The jelly hits you.
* * * LOW HITPOINT WARNING * * *
You are splashed with acid!
* * * LOW HITPOINT WARNING * * *
The phantom hits you.
* * * LOW HITPOINT WARNING * * *
The phantom blinks!
You blink.
The phantom attacks as you move away!
The phantom hits you but does no damage.
The phantom attacks as you move away! The phantom barely misses you.
Found a leather armour.
The phantom attacks as you move away! The phantom hits you.
* * * LOW HITPOINT WARNING * * *
Found 9 gold pieces.
Found a stone staircase leading down.
You hit the phantom but do no damage.
The phantom is heavily damaged.
You feel much better.
You feel a little less mighty now. The phantom hits you.
* * * LOW HITPOINT WARNING * * *
The phantom attacks as you move away! The phantom hits you.
* * * LOW HITPOINT WARNING * * *
A sky beast comes into view.
The sky beast flickers out of sight!
Deactivating autopickup; reactivate with Ctrl-A.
Something hits you.
* * * LOW HITPOINT WARNING * * *
Something shocks you.
* * * LOW HITPOINT WARNING * * *
You open the door.
You hear the rusting of a drain nearby.
The phantom hits you.
* * * LOW HITPOINT WARNING * * *
The phantom blinks!
You blink.
The jelly attacks as you move away! The jelly hits you.
* * * LOW HITPOINT WARNING * * *
You are splashed with acid!
You die...

.....# #..!.....#
.....J #........#
.....# #....#+###
.....# #....# #....#
#....+
###+###....#####
#...$..........#
.......@W......#
........J......#
....[..........+
.............ยง.####..
######+######........
#...'........
#...#.>......
#...#........ #..
#####+#..


You could see a phantom and a jelly.

Vanquished Creatures
  An orc warrior (D:6)
  A black bear (D:5)
  An ogre (D:5)
  A centaur (D:5)
  2 scorpions
  5 hounds
  A gnoll bouda (D:5)
  2 jellies
  5 iguanas
  3 orc wizards
  8 gnolls
  4 adders
  An ufetubus (D:4)
  A worm (D:4)
  4 dart slugs
  6 orcs
  3 ball pythons
  3 endoplasms
  2 giant cockroaches (D:1)
  5 hobgoblins
  6 kobolds
  2 quokkas
  A bat (D:1)
  4 frilled lizards
  6 goblins
  3 rats
81 creatures vanquished.

Notes
Turn   | Place    | Note
-------+----------+-------------------------------------------
     0 | D:1      | Pimp the Hill Orc Monk began the quest for the Orb.
     0 | D:1      | Reached XP level 1. HP: 19/19 MP: 1/1
   126 | D:1      | Found a faded altar of an unknown god.
   214 | D:1      | Reached XP level 2. HP: 27/27 MP: 2/2
   880 | D:2      | Reached XP level 3. HP: 33/33 MP: 3/3
  1432 | D:3      | Reached skill level 1 in Armour
  1432 | D:3      | Reached XP level 4. HP: 33/41 MP: 4/4
  2036 | D:3      | Found a shadowy altar of Dithmenos.
  2036 | D:3      | Found an ancient bone altar of Kikubaaqudgha.
  2534 | D:4      | Found an opulent altar of Gozag.
  2588 | D:4      | Reached skill level 5 in Axes
  2658 | D:4      | Reached XP level 5. HP: 41/47 MP: 5/5
  3460 | D:4      | Reached skill level 5 in Fighting
  3460 | D:4      | Reached XP level 6. HP: 37/56 MP: 6/6
  3756 | D:4      | Identified the +0 leather armour of Complete Protection
                  | {rElec rF+++ Str-4 Dex+6}
  3952 | D:5      | Entered Level 5 of the Dungeon
  4049 | D:5      | Reached skill level 6 in Axes
  4063 | D:5      | Reached XP level 7. HP: 49/61 MP: 7/7
  4191 | D:5      | Reached skill level 5 in Armour
  4311 | D:5      | Identified the +4 dagger of the Slime-mould {freeze, rElec
                  | rC- rN+ Dex+2}
  4624 | D:5      | Found a staircase to the Ecumenical Temple.
  4698 | D:5      | Reached skill level 7 in Axes
  4698 | D:5      | Reached XP level 8. HP: 53/71 MP: 8/8
  5034 | D:6      | Splashed by a jelly's acid

Illustrated notes

Levels and vault maps discovered:
D:1:      tarquinn_simple_flora_water_f, layout_rooms,
          shapermc_ecumenical_altar_petra
D:2:      layout_loops_ring
D:3:      layout_basic, gammafunk_temple_overflow_statue,
          amcnicky_mini_corridor_feature
D:4:      layout_basic, amcnicky_altar_gilded, supply_closet_lemuel
D:5:      layout_loops_cross, temple_statues
D:6:      layout_gridville, mainiacjoe_overflow_alcove_1, lemuel_crystal_altar,
          trog_ov_bears_minmay, portal_sewer_entry_a

Skill      XL: |  1  2  3  4  5  6  7 |
---------------+----------------------+-----
Fighting       | 4 5 6 |  6.7
Armour         | 1 2 3 4 6 |  6.9
Axes           | 5 6 7 |  7.4
Dodging        | |  2.7

Action                     |  1- 3 |  4- 6 |  7- 9 || total
---------------------------+-------+-------+-------++-------
  Melee: Hand axe          |    97 |   152 |    86 ||   335
         Punch             |       |       |     2 ||     2
   Fire: Shortbow          |       |       |    59 ||    59
    Use: Scroll            |       |     7 |     1 ||     8
         Potion            |       |       |     6 ||     6
 Armour: Robe              |    10 |       |       ||    10
         Chain mail        |    22 |   112 |   116 ||   250
  Dodge: Dodged            |    46 |    86 |    78 ||   210

Table legend: (Time is in decaauts)
 A = Elapsed time spent in this place.
 B = Non-inter-level travel time spent in this place.
 C = Inter-level travel time spent in this place.
 D = Time resting spent in this place.
 E = Time spent auto-exploring this place.
 F = Levels seen in this place.
 G = Mean time per level.
                   A        B        C        D        E       F      G
               +--------+--------+--------+--------+--------+-----+--------+
         Total |   5084 |   4869 |    215 |    754 |   3195 |   6 |  847.3 |
       Dungeon |   5084 |   4869 |    215 |    754 |   3195 |   6 |  847.3 |
               +--------+--------+--------+--------+--------+-----+--------+

Top non-repeatable levels by time:
     D:3: 1791 daAuts
     D:5: 966 daAuts
     D:4: 863 daAuts
     D:2: 690 daAuts
     D:1: 620 daAuts
     D:6: 152 daAuts
